 Dungeon Crawl Stone Soup version 0.20.0-10-g0535bb4 (webtiles) character file.

60 puppykicker the Insei (level 4, -8/28 HPs)
             Began as an Octopode Transmuter on June 6, 2017.
             Killed by divine providence
             ... invoked by an orc priest
              (13 damage)
             ... on level 3 of the Dungeon.
             The game lasted 00:04:01 (2461 turns).

puppykicker the Insei (Octopode Transmuter)         Turns: 2461, Time: 00:04:01

Health: -8/28      AC:  1    Str: 10    XL:     4   Next: 6%
Magic:  16/16      EV: 13    Int: 15    God:
Gold:   75         SH:  0    Dex: 12    Spells: 4/7 levels left

rFire    . . .     SeeInvis .   b - +0 hunting sling (curse)
rCold    . . .     Gourm    .   (no shield)
rNeg     . . .     Faith    .   (helmet restricted)
rPois    .         Spirit   .   (no amulet)
rElec    .         Reflect  .   p - ring of magical power
rCorr    .         Harm     .   (no ring)
MR       .....                  (no ring)
Stlth    ++........             (no ring)
Regen    0.1/turn               (no ring)
MPRegen  0.2/turn               (no ring)
                                (no ring)
                                (no ring)

@: no status effects
A: almost no armour, stealthy swim, amphibious, 8 rings, constrict 8, camouflage
1, gelatinous body 1
a: no special abilities


You were on level 3 of the Dungeon.
You were not hungry.

You visited 1 branch of the dungeon, and saw 3 of its levels.

You collected 75 gold pieces.


Innate Abilities, Weirdness & Mutations

You cannot wear most types of armour.
You are very stealthy in the water. (Stealth+)
You are amphibious.
You can wear up to eight rings at the same time.
You can use your tentacles to constrict eight enemies at once.
Your skin changes colour to match your surroundings (Stealth+).
Your rubbery body absorbs attacks. (AC +1, EV +1)


   Skills:
 - Level 1.0 Fighting
 - Level 2.0 Dodging
 * Level 4.2 Unarmed Combat
 - Level 2.0 Spellcasting
 + Level 2.8 Transmutations


You had 4 spell levels left.
You knew the following spells:

 Your Spells              Type           Power        Failure   Level  Hunger
a - Beastly Appendage     Tmut           ##....       7%          1    #......
b - Sticks to Snakes      Tmut           ##......     11%         2    ###....

Inventory:

Hand Weapons
 a - a +1 mace of venom
 b - a cursed +0 hunting sling (weapon)
Missiles
 i - 20 sling bullets (quivered)
 k - 17 poisoned needles
 l - 12 arrows
Armour
 f - a +0 buckler
Jewellery
 p - a ring of magical power (left tentacle)
Wands
 q - a wand of confusion (16/48)
Scrolls
 g - a scroll of magic mapping
 h - 2 scrolls of amnesia
 n - 3 scrolls of identify
 o - a scroll of teleportation
 r - a scroll of immolation {!r}
 v - a scroll of remove curse {unknown}
Potions
 e - a potion of flight
 j - a potion of agility
 s - a potion of haste {unknown}
Books
 d - a book of Changes
Comestibles
 c - a bread ration
 m - 2 royal jellies
 t - a chunk of flesh {@w1}
 u - a meat ration

Dungeon Overview and Level Annotations

Branches:
Dungeon (3/15)

Altars:
Okawaru
Trog

Annotations:
D:3 Sigmund

#.# #.# #.# .# #.#
.. #.# o### #.#
.o. #.# ..# #.#
..##
#@############....
#......o.....o..#
#################


You could see an orc priest.


Message History

Aim: a giant cockroach (clinging, resting)
You shoot a sling bullet.
The sling bullet hits the giant cockroach!
You kill the giant cockroach!
No target in view!
No target in view!
You are feeling hungry.
i - 21 sling bullets (gained 1)
You see here a giant cockroach corpse.
You butcher the giant cockroach corpse.
t - 2 chunks of flesh {@w1} Eating one of 2 chunks of flesh {@w1}.
You eat one of the 2 chunks of flesh {@w1}. 2 orc priests come into view.
There are monsters nearby!
Firing (i - inventory):
i - 21 sling bullets (quivered)
Aim: an orc priest, wielding a short sword and wearing a scale mail (resting)
You shoot a sling bullet. The sling bullet hits the orc priest.
The orc priest shouts!
The orc priest is lightly wounded.
An orc priest comes into view. It is wielding a flail.
The orc priest calls down the wrath of Beogh upon you.
Beogh smites you!
* * * LOW HITPOINT WARNING * * *
The orc priest mumbles some strange prayers to Beogh against you.
Beogh smites you!
* * * LOW HITPOINT WARNING * * *
The orc priest calls down the wrath of Beogh upon you.
Beogh smites you!
You die...

Action                   |  1- 3 |  4- 6 || total
-------------------------+-------+-------++-------
Melee: Mace              |     4 |       ||     4
       Constrict         |     1 |       ||     1
       Tentacles         |     1 |       ||     1
 Fire: Hunting sling     |    94 |     6 ||   100
 Cast: Beastly Appendage |     1 |       ||     1
  Use: Scroll            |     8 |       ||     8
       Potion            |     2 |       ||     2
 Stab: Sleeping          |     1 |       ||     1
  Eat: Chunk             |     4 |     1 ||     5
Armor: Skin              |     2 |       ||     2
Dodge: Dodged            |    28 |       ||    28

Vault maps used:
D:1:      enne_arrival_octagon_isle
D:2:      overflow_temple_1_default, chequers_ecumenical_altar_lobes
D:3:      nicolae_overflow_crystal_walls, okawaru_ov_weapons_minmay,
          uniq_grinder, uniq_sigmund

Notes
Turn   | Place    | Note
-------+----------+-------------------------------------------
     0 | D:1      | puppykicker the Octopode Transmuter began the quest for the Orb.
     0 | D:1      | Reached XP level 1. HP: 13/13 MP: 3/3
   326 | D:1      | Reached XP level 2. HP: 13/18 MP: 5/5
   489 | D:1      | Learned a level 2 spell: Sticks to Snakes
   956 | D:2      | Found a bloodstained altar of Trog.
  1017 | D:2      | Reached XP level 3. HP: 16/23 MP: 6/6
  1379 | D:2      | Reached skill level 4 in Unarmed Combat
  1679 | D:2      | Found a faded altar of an unknown god.
  2030 | D:3      | Found an iron altar of Okawaru.
  2354 | D:3      | Noticed Sigmund
  2385 | D:3      | Reached XP level 4. HP: 26/28 MP: 7/7
  2461 | D:3      | Killed from afar by an orc priest

Vanquished Creatures
  2 adders
  A dart slug (D:1)
  5 leopard geckos
  2 bats (D:1)
  A giant cockroach (D:3)
  7 goblins
  2 hobgoblins
  A quokka (D:3)
  3 ball pythons
  A frilled lizard (D:1)
  6 kobolds
  7 rats
38 creatures vanquished.
